 Dungeon Crawl Stone Soup version 0.23-a0-451-g1044d4c (webtiles) character file.

13029 galech the Cleaver (level 11, -11/86 HPs)
             Began as a Demonspawn Fighter on Nov 22, 2018.
             Was an Elder of Okawaru.
             Mangled by Rupert
             ... wielding a +2 great mace of holy wrath
              (18 damage)
             ... on level 2 of the Orcish Mines.
             The game lasted 00:20:39 (13419 turns).

galech the Cleaver (Demonspawn Fighter)            Turns: 13419, Time: 00:20:40

Health: -11/86     AC: 19    Str: 16    XL:     11   Next: 70%
Magic:  0/11       EV: 21    Int: 10    God:    Okawaru [****..]
Gold:   268        SH: 11    Dex: 16    Spells: 10/10 levels left

rFire    . . .     SeeInvis .   L - +5 broad axe (venom)
rCold    . . .     Gourm    .   c - +0 shield
rNeg     . . .     Faith    .   q - +0 plate armour
rPois    .         Spirit   +   (helmet restricted)
rElec    .         Reflect  .   (no cloak)
rCorr    .         Harm     .   (no gloves)
MR       .....                  (no boots)
Stlth    ..........             g - amulet of the acrobat
HPRegen  0.24/turn              H - ring of Shadows {Umbra +Inv Stlth+}
MPRegen  0.24/turn              y - +6 ring of protection

@: wreathed by umbra
A: antennae 1, demonic guardian 2, magic shield, magic regeneration, sturdy
frame 1
a: Heroism, Renounce Religion, Evoke Invisibility


You were on level 2 of the Orcish Mines.
You worshipped Okawaru.
Okawaru was greatly pleased with you.
You were not hungry.

You visited 3 branches of the dungeon, and saw 15 of its levels.

You collected 678 gold pieces.
You spent 410 gold pieces at shops.

Inventory:

Hand Weapons
 I - the +2 great sword "Camicug" {freeze, rN+ Int+3 Dex+4}
   (You found it on level 11 of the Dungeon)

   It has been specially enchanted to freeze those struck by it, causing extra
   injury to most foes and up to half again as much damage against particularly
   susceptible opponents.
   It can also slow down cold-blooded creatures.
   It affects your intelligence (+3).
   It affects your dexterity (+4).
   It protects you from negative energy.
 L - a +5 broad axe of venom (weapon)
Armour
 c - a +0 shield (worn)
 q - a +0 plate armour (worn)
 t - a +0 chain mail of positive energy
 J - a +1 leather armour of cold resistance
Jewellery
 g - an amulet of the acrobat (around neck)
 i - an uncursed ring of protection from cold
 v - an uncursed ring of magical power
 y - a +6 ring of protection (right hand)
 F - an uncursed ring of protection from magic
 H - the ring of Shadows (left hand) {Umbra +Inv Stlth+}
   (You took it off a centaur on level 11 of the Dungeon)

   [ring of stealth]

   It lets you turn invisible.
   It makes you more stealthy.
Wands
 o - a wand of polymorph (4)
 w - a wand of iceblast (23)
 B - a wand of paralysis (13)
 D - a wand of flame (19)
 E - a wand of disintegration (11)
Scrolls
 b - 6 scrolls of remove curse
 h - 2 scrolls of immolation
 k - 4 scrolls of enchant armour
 n - 2 scrolls of fear
 r - 2 scrolls of teleportation
 x - 3 scrolls of amnesia
Potions
 d - 2 potions of might
 e - 3 potions of brilliance {unknown}
 j - 2 potions of cancellation {unknown}
 l - 2 potions of agility {unknown}
 m - a potion of flight {unknown}
 s - a potion of magic {unknown}
 u - 5 potions of curing
 z - a potion of ambrosia
 A - 2 potions of lignification
 C - a potion of invisibility
 G - a potion of heal wounds
Comestibles
 a - 20 chunks of flesh
 f - 23 rations


   Skills:
 + Level 8.1 Fighting
 + Level 11.5 Axes
 + Level 7.5 Armour
 + Level 3.2 Dodging
 + Level 1.8 Stealth
 + Level 8.1 Shields
 + Level 0.7 Invocations


You had 10 spell levels left.
You didn't know any spells.
Your spell library contained the following spells:

 Spells                   Type           Power        Failure   Level  Hunger
 Corona                   Hex            #......      100%        1    ##.....
 Slow                     Hex            #.......     100%        2    ###....
 Inner Flame              Hex/Fire       #.......     100%        3    ####...
 Portal Projectile        Hex/Tloc       #.....       100%        3    ####...
 Cause Fear               Hex            #.........   100%        4    #####..
 Leda's Liquefaction      Hex/Erth       #.........   100%        4    #####..


Dungeon Overview and Level Annotations

Branches:
Dungeon (12/15)            Temple (1/1) D:6            Lair (0/6) D:10
    Orc (2/2) D:11
    Elf: Orc:2

Altars:
Ashenzari
Cheibriados
Dithmenos
Elyvilon
Fedhas
Gozag
Hepliaklqana
Kikubaaqudgha
Makhleb
Nemelex Xobeh
Okawaru
Qazlal
Ru
Sif Muna
Trog
Uskayaw
Vehumet
Wu Jian
Xom
Yredelemnul
Zin
The Shining One
Beogh

Shops:
D:7 :[[(*   D:8 *   D:9 *   D:10 [

Annotations:
Orc:2 Rupert


Innate Abilities, Weirdness & Mutations

You have a pair of small antennae on your head.
A demonic guardian rushes to your aid.
When hurt, damage is shared between your health and your magic reserves.
You regenerate magic rapidly.
Your movements are slightly less encumbered by armour. (ER -2)


Message History

Your soul eater dies!
Rupert shouts!
You can move again.
Okay, then.
You slash Rupert!
Rupert is poisoned.
Rupert is lightly wounded.
Rupert hits you with a +2 great mace of holy wrath!!
You convulse!!!
* * * LOW HITPOINT WARNING * * *
You are too injured to fight recklessly!
You are too injured to fight recklessly!
You are too injured to fight recklessly!
You block Rupert's attack.
Things that are here:
a +0 flail; a +0 ring mail
Things that are here:
a +0 short sword; a +0 plate armour; an orc skeleton You feel like a meek peon again.
Rupert hits you with a +2 great mace of holy wrath!!
You die...

....)...####...... ...##..
.........#.................
.....))..#......#..........
...............# #.........
.##...........## .........
####...........# .........
# #.........######........
.. ##......<......)....$...
........#.<.....@@)........
......##.......)......#..
.......###......)....###
....#.. #...........# ...#.
###.......### ####...##
..#.# ######


You could see Rupert (berserk).

Vanquished Creatures
  A two-headed ogre (D:11)
  2 unseen horrors
  A cyclops (D:11)
  Psyche (D:11)
  A centaur skeleton (D:11)
  A gargoyle (D:10)
  2 hornets (D:11)
  2 trolls (D:11)
  A hippogriff (D:8)
  A spriggan (D:9)
  A wyvern (D:6)
  2 yaks (D:8)
  A wraith (D:10)
  A water moccasin (D:10)
  A sky beast (D:9)
  10 orc warriors
  A black bear (D:7)
  An eye of draining (D:11)
  4 ogres
  A wolf (D:10)
  4 centaurs
  5 bullfrogs
  A big kobold (D:8)
  A wyvern zombie (D:9)
  2 scorpions
  Dowan (D:7)
  2 killer bees (D:11)
  4 wights (D:10)
  4 crimson imps
  A bullfrog zombie (D:6)
  A centaur zombie (D:8)
  A quasit (D:11)
  5 hounds
  2 jellies (D:9)
  14 orc priests
  A gnoll shaman (D:6)
  8 orc wizards
  Jessica (D:2)
  Natasha (thrice) (D:2)
  Terence (D:2)
  5 iguanas
  8 worker ants
  A hound zombie (D:6)
  A hound skeleton (D:6)
  A worker ant zombie (D:8)
  Robin (D:4)
  7 gnolls (D:6)
  13 adders
  An ooze (D:6)
  3 adder skeletons
  An adder zombie (D:6)
  5 worms
  5 dart slugs
  3 leopard geckos
  51 orcs
  5 giant cockroaches (D:3)
  10 hobgoblins
  11 jackals
  5 quokkas
  A ball python (D:3)
  7 bats
  5 frilled lizards
  A giant cockroach zombie (D:6)
  14 goblins
  5 kobolds
  2 leopard gecko skeletons
  4 rats
274 creatures vanquished.

Vanquished Creatures (collateral kills)
  4 two-headed ogres
  An orc knight (D:12)
  A centaur skeleton (D:10)
  2 trolls
  4 yaks (D:8)
  Grum (D:10)
  A hungry ghost (D:11)
  2 humans (D:9)
  3 water moccasins
  Duvessa (D:7)
  2 orc warriors
  2 black bears (D:7)
  2 ice beasts
  2 wolves (D:10)
  An ogre (D:8)
  A scorpion (D:5)
  4 killer bees (D:11)
  3 howler monkeys
  2 hounds (D:8)
  3 orc priests
  A bullfrog skeleton (D:4)
  3 orc wizards
  An adder skeleton (D:4)
  6 orcs
  4 jackals (D:8)
57 creatures vanquished.

Vanquished Creatures (others)
  A jackal (D:10)
1 creature vanquished.

Grand Total: 332 creatures vanquished

Notes
Turn   | Place    | Note
-------+----------+-------------------------------------------
     0 | D:1      | galech the Demonspawn Fighter began the quest for the Orb.
     0 | D:1      | Reached XP level 1. HP: 18/18 MP: 1/1
   165 | D:1      | Gained mutation: You have a pair of small antennae on your
                  | head. [demonic ancestry]
   165 | D:1      | Reached XP level 2. HP: 24/24 MP: 2/2
   204 | D:1      | Reached skill level 2 in Axes
   650 | D:2      | Found a shadowy altar of Dithmenos.
   697 | D:2      | Gained mutation: Your movements are slightly less
                  | encumbered by armour. (ER -2) [demonic ancestry]
   697 | D:2      | Reached XP level 3. HP: 25/29 MP: 3/3
   709 | D:2      | Noticed Terence
   717 | D:2      | Killed Terence
   809 | D:2      | Noticed Jessica
   815 | D:2      | Killed Jessica
   815 | D:2      | Reached XP level 4. HP: 35/35 MP: 4/4
   859 | D:2      | Found a white marble altar of Elyvilon.
   905 | D:2      | Noticed Natasha
  1134 | D:2      | Killed Natasha
  1134 | D:2      | Reached skill level 3 in Axes
  1203 | D:2      | Gained mutation: When hurt, damage is shared between your
                  | health and your magic reserves. [demonic ancestry]
  1203 | D:2      | Reached XP level 5. HP: 40/41 MP: 5/5
  1263 | D:2      | Noticed Natasha
  1273 | D:2      | Killed Natasha
  1274 | D:2      | Noticed Natasha
  1282 | D:2      | Killed Natasha
  1530 | D:3      | Reached skill level 1 in Dodging
  1782 | D:3      | Found a hazy altar of Hepliaklqana.
  1927 | D:3      | Reached skill level 4 in Axes
  2201 | D:3      | Found a stormy altar of Qazlal.
  2419 | D:3      | Gained mutation: A weak demonic guardian rushes to your
                  | aid. [demonic ancestry]
  2419 | D:3      | Reached XP level 6. HP: 26/47 MP: 6/6
  2676 | D:4      | Found an opulent altar of Gozag.
  2699 | D:4      | Noticed Robin
  2782 | D:4      | Killed Robin
  2910 | D:4      | Gained mutation: A demonic guardian rushes to your aid.
                  | [demonic ancestry]
  2910 | D:4      | Reached XP level 7. HP: 36/53 MP: 7/7
  3456 | D:5      | Entered Level 5 of the Dungeon
  3619 | D:5      | Reached skill level 5 in Axes
  3964 | D:5      | Found a burning altar of Makhleb.
  3989 | D:5      | Found a shattered altar of Ashenzari.
  4412 | D:6      | You fall through a shaft for 2 floors!
  4423 | D:8      | Reached XP level 8. HP: 39/61 MP: 8/8
  4434 | D:8      | Found an ancient bone altar of Kikubaaqudgha.
  4658 | D:8      | Found Ehi Pos's General Store.
  4680 | D:8      | Bought a scroll of identify for 26 gold pieces
  4684 | D:7      | Noticed Dowan
  4687 | D:7      | Noticed Duvessa
  4688 | D:7      | Reached skill level 6 in Axes
  4703 | D:7      | Killed Dowan
  4705 | D:7      | Killed Duvessa
  4955 | D:7      | Found Tasuil's Antique Armour Shop.
  4986 | D:6      | Found a basalt altar of Yredelemnul.
  5072 | D:6      | Reached skill level 5 in Shields
  5082 | D:6      | Reached skill level 5 in Fighting
  5217 | D:6      | Found a staircase to the Ecumenical Temple.
  5229 | Temple   | Entered the Ecumenical Temple
  5513 | D:6      | Reached skill level 7 in Axes
  5646 | D:6      | Reached skill level 5 in Armour
  6008 | D:7      | Found Ockicus's Armour Shop.
  6024 | D:7      | Reached XP level 9. HP: 65/68 MP: 9/9
  6062 | D:7      | Found Comets's Weapon Boutique.
  6102 | D:7      | Found a glowing silver altar of Zin.
  6137 | D:7      | Found a bloodstained altar of Trog.
  6153 | D:7      | Reached skill level 1 in Stealth
  6163 | D:7      | Got an ancient robe
  6174 | D:7      | Identified the cursed +0 robe of Maympiti {Str+6} (You
                  | found it on level 7 of the Dungeon)
  6263 | D:7      | Found Bovvatow's Book Shoppe.
  6320 | D:7      | Found Gafrez's General Store.
  6323 | D:7      | Bought a scroll of teleportation for 36 gold pieces
  6497 | D:8      | Noticed a two-headed ogre
  6512 | D:8      | Killed a two-headed ogre
  6512 | D:8      | Reached skill level 8 in Axes
  7098 | D:8      | Noticed a two-headed ogre
  7140 | D:8      | Killed a two-headed ogre
  7140 | D:8      | Reached skill level 9 in Axes
  7140 | D:8      | Reached XP level 10. HP: 36/76 MP: 10/10
  7495 | D:9      | Found an iron altar of Okawaru.
  7512 | D:9      | Became a worshipper of Warmaster Okawaru
  7642 | D:9      | Found Qeduch's General Store.
  8226 | D:9      | Found a stormy altar of Qazlal.
  8381 | D:10     | Entered Level 10 of the Dungeon
  8383 | D:10     | Noticed a two-headed ogre
  8383 | D:10     | Noticed Grum
  8389 | D:10     | Killed a two-headed ogre
  8389 | D:10     | Reached * piety under Okawaru
  8396 | D:10     | Killed Grum
  8826 | D:10     | Reached skill level 10 in Axes
  8839 | D:10     | Reached ** piety under Okawaru
  9073 | D:10     | Found a staircase to the Lair.
  9073 | D:10     | Noticed a gargoyle
  9093 | D:10     | Killed a gargoyle
  9149 | D:10     | Found Pobbaarcho's Armour Emporium.
  9189 | D:10     | Killed an unseen horror
  9336 | D:11     | Noticed a two-headed ogre
  9343 | D:11     | Killed a two-headed ogre
  9343 | D:11     | Reached *** piety under Okawaru
  9343 | D:11     | Gained mutation: You regenerate magic rapidly. [demonic
                  | ancestry]
  9343 | D:11     | Reached XP level 11. HP: 75/84 MP: 11/11
  9783 | D:11     | Noticed a two-headed ogre
  9792 | D:11     | Killed a two-headed ogre
  9888 | D:11     | Noticed Psyche
  9925 | D:11     | Killed Psyche
  9987 | D:11     | Reached **** piety under Okawaru
 10140 | D:11     | Reached skill level 11 in Axes
 10300 | D:11     | Killed an unseen horror
 11029 | D:11     | Found a staircase to the Orcish Mines.
 11072 | D:11     | Got a bloodstained great sword
 11080 | D:11     | Identified the cursed +2 great sword "Camicug" {freeze, rN+
                  | Int+3 Dex+4} (You found it on level 11 of the Dungeon)
 11186 | D:11     | Found a roughly hewn altar of Beogh.
 11525 | Orc:1    | Entered Level 1 of the Orcish Mines
 11525 | Orc:1    | Noticed an orc knight
 11958 | D:12     | Killed an orc knight
 13158 | D:7      | Bought a +4 broad axe of venom for 348 gold pieces
 13269 | Orc:2    | Entered Level 2 of the Orcish Mines
 13407 | Orc:2    | Noticed Rupert
 13409 | Orc:2    | Paralysed by Rupert for 6 turns
 13419 | Orc:2    | Mangled by Rupert

Vault maps used:
D:1:      grunt_arrival_crossed_arrows
D:2:      grunt_dithmenos_smoke_and_mirrors, first_ration, dk_noncrumbling_3,
          elyvilon_altar_3, uniq_terence, uniq_natasha, uniq_jessica
D:3:      lemuel_doored_altar, grunt_qazlal_clouds
D:4:      nicolae_overflow_crystal_walls, uniq_robin
D:5:      lemuel_crystal_altar, basic_altar
D:6:      lemuel_crystal_altar, minmay_temple_entry_sparse_star,
          dk_noncrumbling_4
D:7:      zin_scriptorium, trog_ov_bears_minmay, serial_shops, shop_fountains,
          nicolae_shop_competitors_out_of_business, shop, shop, kennysheep_mini,
          uniq_duvessa
D:8:      basic_altar, serial_shops, shop
D:9:      lemuel_coloured_pillars_altar, okawaru_humans, serial_shops, shop,
          the_bakery
D:10:     lair_entry_dummy, serial_shops, shop, uniq_grum
D:11:     minmay_orc_entry_temple_small, uniq_psyche
D:12:     nicolae_trove_entry_crossroad, uniq_erolcha
Temple:   nicolae_temple_figure_eight
Orc:1:    uniq_harold
Orc:2:    st_orc_rangers, uniq_rupert

Skill      XL: |  1  2  3  4  5  6  7  8  9 10 11 |
---------------+----------------------------------+-----
Axes           | 2 3 4 5 7 9 10 11 | 11.5
Armour         | 3 4 5 6 7 |  7.5
Shields        | 3 4 5 6 7 8 |  8.1
Dodging        | 1 2 3 |  3.2
Fighting       | 4 5 6 7 8 |  8.1
Stealth        | 1 |  1.8
Invocations    | |  0.7

Action                   |  1- 3 |  4- 6 |  7- 9 | 10-12 || total
-------------------------+-------+-------+-------+-------++-------
Melee: War axe           |    72 |   190 |   395 |   636 ||  1293
       Broad axe         |       |       |       |    32 ||    32
Invok: Heroism           |       |       |       |     6 ||     6
  Use: Potion            |       |     3 |       |       ||     3
       Scroll            |       |       |     9 |     6 ||    15
 Stab: Distracted        |       |       |       |     1 ||     1
       Invisible         |       |       |       |     5 ||     5
  Eat: Chunk             |       |     7 |    14 |    22 ||    43
Armor: Scale mail        |    47 |    13 |       |       ||    60
       Chain mail        |       |    69 |   208 |    42 ||   319
       Plate armour      |       |       |       |   268 ||   268
Dodge: Dodged            |    28 |    62 |   134 |   207 ||   431
Block: Shield            |    39 |   108 |   268 |   397 ||   812

Table legend:
 A = Non-vault XP
 B = Vault XP
 C = Vault XP percentage of total XP
 D = Non-vault monster count
 E = Vault monster count
 F = Vault count percentage of total count
                 A         B        C        D         E       F
            +---------+---------+-------+---------+---------+-------
      Total |   16861 |    1753 |   9.4 |     300 |      31 |   9.4
            +---------+---------+-------+---------+---------+-------
        D:1 |      25 |       0 |   0.0 |      12 |       0 |   0.0
        D:2 |     109 |     110 |  50.2 |      19 |       3 |  13.6
        D:3 |     264 |       0 |   0.0 |      33 |       0 |   0.0
        D:4 |     242 |      35 |  12.6 |      17 |      12 |  41.4
        D:5 |     271 |       0 |   0.0 |      13 |       0 |   0.0
        D:6 |    1108 |       0 |   0.0 |      34 |       0 |   0.0
        D:7 |     418 |     339 |  44.8 |      11 |       4 |  26.7
        D:8 |    2865 |       0 |   0.0 |      34 |       0 |   0.0
        D:9 |     962 |     420 |  30.4 |      22 |       3 |  12.0
       D:10 |    2963 |     357 |  10.8 |      23 |       4 |  14.8
       D:11 |    5875 |     492 |   7.7 |      50 |       5 |   9.1
       D:12 |     455 |       0 |   0.0 |       2 |       0 |   0.0
      Orc:1 |     420 |       0 |   0.0 |       9 |       0 |   0.0
      Orc:2 |     884 |       0 |   0.0 |      21 |       0 |   0.0
            +---------+---------+-------+---------+---------+-------
